 Dungeon Crawl Stone Soup version 0.30-a0-591-g3c58d2bc28 (webtiles) character file.

Game seed: 18296851395931644788

35 gelatine the Stinger (level 3, -1/24 HPs)
             Began as a Demonspawn Venom Mage on Jan 5, 2023.
             Slain by Terence
             ... wielding a +1 heavy hand axe
              (13 damage)
             ... on level 2 of the Dungeon.
             The game lasted 00:03:08 (1748 turns).

gelatine the Stinger (Demonspawn Venom Mage)        Turns: 1748, Time: 00:03:08

Health: -1/24      AC:  3    Str:  8    XL:     3   Next: 16%
Magic:  1/6        EV: 12    Int: 18    God:
Gold:   45         SH:  0    Dex: 13    Spells: 6/7 levels left

rFire   . . .      SeeInvis .    d - +0 hand axe
rCold   . . .      Faith    .    (no shield)
rNeg    . . .      Spirit   .    a - +0 robe
rPois   .          Reflect  .    (helmet restricted)
rElec   .          Harm     .    (no cloak)
rCorr   .          Rampage  .    (no gloves)
Will    .....                    g - +0 pair of boots
Stlth   ++                       (no amulet)
HPRegen 0.24/turn                (no ring)
MPRegen 0.10/turn                (no ring)

@: no status effects
A: horns 2
a: no special abilities


You were on level 2 of the Dungeon.
You visited 1 branch of the dungeon, and saw 2 of its levels.

You collected 45 gold pieces.

Inventory:

Hand Weapons
 d - a +0 hand axe (weapon)
Armour
 a - a +0 robe (worn)
 g - a +0 pair of boots (worn)
Scrolls
 e - a scroll of blinking {unknown}
 f - 2 scrolls of noise {unknown}
 j - a scroll of fear {unknown}
 k - 3 scrolls of identify {unknown}
 m - a scroll of torment {unknown}
 n - a scroll of amnesia {unknown}
 o - a scroll of teleportation {unknown}
Potions
 b - a potion of magic
 c - a potion of flight {unknown}
 h - a potion of invisibility {unknown}
 i - a potion of resistance {unknown}
 l - a potion of mutation {unknown}


   Skills:
 + Level 2.0 Dodging
 + Level 1.9 Stealth
 + Level 2.5 Spellcasting
 + Level 1.3 Transmutations
 + Level 3.4 Poison Magic


You had 6 spell levels left.
You knew the following spells:

 Your Spells              Type           Power      Damage    Failure   Level
a - Sting                 Tmut/Pois      40%        1d5       6%          1

Your spell library contained the following spells:

 Spells                   Type           Power      Damage    Failure   Level
 Beastly Appendage        Tmut           14%        N/A       10%         1
 Poisonous Vapours        Pois/Air       16%        N/A       13%         2
 Wereblood                Tmut           7%         N/A       14%         2
 Spider Form              Tmut/Pois      10%        N/A       19%         3
 Mephitic Cloud           Conj/Pois/Air  6%         N/A       32%         3
 Olgreb's Toxic Radiance  Pois           14%        N/A       38%         4


Dungeon Overview and Level Annotations

Branches:
Dungeon (2/15)

Altars:

Annotations:
D:2 Terence


Innate Abilities, Weirdness & Mutations

You have a pair of horns on your head.


Message History

The sting hits the kobold.
The kobold is poisoned.
The kobold is severely wounded.
You kill the kobold!
You can't see any susceptible monsters within range! (Use Z to cast anyway.)
You see here a +0 dagger.
You see here a staff of death.
You now have 45 gold pieces (gained 10).
f - 2 scrolls labelled IMAXOS ESAO (gained 1)
Found a robe.
k - 3 scrolls labelled LAZAXZ YSESMAL (gained 1)
You see here a +0 robe.
A kobold and a giant cockroach come into view.
Found a mace and 6 gold pieces.
Found an escape hatch in the ceiling.
You can't see any susceptible monsters within range! (Use Z to cast anyway.) Terence the Incautious comes into view.
He is wielding a +1 heavy hand axe and wearing a +2 chain mail of fire resistance.
The sting hits the kobold.
The kobold is poisoned.
You kill the kobold!
Terence shouts!
You can't see any susceptible monsters within range! (Use Z to cast anyway.) Terence says, "Don't bother to defend, it's pointless."
You can't see any susceptible monsters within range! (Use Z to cast anyway.)
The sting misses the giant cockroach.
A goblin comes into view. It is wielding a +0 dagger.
The sting hits the giant cockroach.
The giant cockroach is poisoned.
The giant cockroach is almost dead.
You kill the giant cockroach!
The sting hits Terence but does no damage.
Terence is poisoned.
The sting misses Terence.
Terence hits you with a +1 heavy hand axe.
The sting hits Terence.
Terence looks even sicker.
Terence is lightly wounded.
You hit Terence but do no damage. Your headbutt misses Terence.
Terence is lightly wounded.
Terence hits you with a +1 heavy hand axe!
You hit Terence but do no damage.
Terence is lightly wounded.
Terence hits you with a +1 heavy hand axe!
Ouch! That really hurt!
You die...

#.# #### #.# ..#. #.#
#.#.##.#########
#.#...........[#
#.#..#.#######.#
#.####.#.........##.#####
#......##.#.##....#.#....
.......@@.#.##.#..#.#....
.......g..#.#.......#....
.....)<..##.#..#####.....
.......)..#.#..# +.....
..........#.#..# #.....
......$.....#..#.###.....
................[...#....
.............#.#.##....##
..#.#..<....++


You could see Terence (very poisoned) and a goblin.

Vanquished Creatures
  8 ball pythons
  2 giant cockroaches
  A goblin (D:1)
  6 hobgoblins
  A bat (D:2)
  7 frilled lizards
  6 kobolds
  3 rats
34 creatures vanquished.

Vanquished Creatures (others)
  5 toadstools (D:1)
5 creatures vanquished.

Grand Total: 39 creatures vanquished

Notes
Turn   | Place    | Note
-------+----------+-------------------------------------------
     0 | D:1      | gelatine the Demonspawn Venom Mage began the quest for the
                  | Orb.
     0 | D:1      | Reached XP level 1. HP: 13/13 MP: 3/3
   455 | D:1      | Gained mutation: You have a pair of small horns on your
                  | head. [demonic ancestry]
   455 | D:1      | Reached XP level 2. HP: 19/19 MP: 3/5
  1032 | D:1      | Reached skill level 1 in Transmutations
  1444 | D:2      | Gained mutation: You have a pair of horns on your head.
                  | [demonic ancestry]
  1444 | D:2      | Reached XP level 3. HP: 21/24 MP: 2/6
  1738 | D:2      | Noticed Terence
  1748 | D:2      | Slain by Terence

Illustrated notes

Levels and vault maps discovered:
D:1:      ldierk_walled_garden, layout_basic
D:2:      layout_basic, basic_altar, uniq_crazy_yiuf_cottage, uniq_terence

Skill      XL: |  1  2 |
---------------+-------+-----
Transmutations | 1 |  1.3
Dodging        | 2 |  2.0
Stealth        | |  1.9
Spellcasting   | |  2.5
Poison Magic   | |  3.4

Action                   || total
-------------------------++-------
Melee: Hand axe          ||    12
       Unarmed           ||     1
       Headbutt          ||     1
 Cast: Sting             ||    47
Armor: Robe              ||     2
Dodge: Dodged            ||    11

Table legend: (Time is in decaauts)
 A = Elapsed time spent in this place.
 B = Non-inter-level travel time spent in this place.
 C = Inter-level travel time spent in this place.
 D = Time resting spent in this place.
 E = Time spent auto-exploring this place.
 F = Levels seen in this place.
 G = Mean time per level.
                   A        B        C        D        E       F      G
               +--------+--------+--------+--------+--------+-----+--------+
         Total |   1750 |   1712 |     38 |      0 |   1498 |   2 |  875.0 |
       Dungeon |   1750 |   1712 |     38 |      0 |   1498 |   2 |  875.0 |
               +--------+--------+--------+--------+--------+-----+--------+

Top non-repeatable levels by time:
     D:1: 1259 daAuts
     D:2: 491 daAuts
